Workbook

Sheet FACTOR MULTIPLICADOR
B2: CALCULO FACTOR MULTIPLICADOR
B5: ITEM | C5: DESCRIPCION | F5: %
B6: A | C6: Salario Basico (Nomina Total Mensual | F6: 1
B7: B | C7: Prestaciones Sociales | F7: =SUM(E8:E11) -> 0.1766
C8: Prima Anual | E8: 0.0833
C9: Cesantia Anual | E9: 0.0833
C10: Retroactividad Cesantias | E10: 0
C11: Intereses a las Cesantias | E11: 0.01
B12: C | C12: Sistema de Seguridad Social Integral | F12: =SUM(E13:E20) -> 0.3846
C13: Pension | E13: 0.12
C14: Salud | E14: 0.09
C15: Riesgos profesionales | E15: 0.0696
C16: Subsidio Familiar | E16: 0.04
C17: SENA | E17: 0.02
C18: ICBF | E18: 0.03
C19: Seguros de Ley | E19: 0.005
C20: Indemnizacion de Ley | E20: 0.01
B21: D | C21: Otros | F21: =SUM(E22:E25) -> 0.0675
C22: Incapacidad no cubierta seguridad social y medicina prepagada | E22: 0.02
C23: Dotacion | E23: 0.0075
C24: Auxilios Varios | E24: 0.02
C25: Prestaciones extralegales | E25: 0.02
C26: Subtotal B+C | F26: =+F7+F12 -> 0.5612
C27: Subtotal A+B+C+D | F27: =+F21+F12+F7+F6 -> 1.6287
B28: ITEM | C28: DESCRIPCION | F28: %
B29: E | C29: Costos Indirectos | F29: =+E30+E31+E32+E34+E35+E36 -> 0.470411
B30: E1 | C30: Gastos Generales | E30: 0.1
C31: Gastos legales y de administración | E31: 0.08
C32: Gastos directos no reembolsables | E32: 0.040411
B33: E2 | C33: Impuestos, timbres, perfeccionamiento
C34: Retencion en la fuente | E34: 0.1
C35: Estampillas | E35: 0.12
C36: Polizas | E36: 0.03
C37: Subtotal (E1+E2) | F37: =F29 -> 0.470411
B38: ITEM | C38: DESCRIPCION | F38: %
B39: F | C39: Honorarios (Incluye Gastos Contingentes) | F39: 0.1
B40: FACTOR MULTIPLICADOR (A+B+C+D+E+F) | F40: =+F39+F37+F27 -> 2.199111
F41: 2.2

Sheet PRESUPUESTO
C1: PRESUPUESTO ESTIMADO
A2: CONCURSO DE MERITOS ABIERTO SEM.CM.4143.010.32.0812-2022
A5: CONSULTORIA INTERVENTORIA
A6: OBJETO: “Realizar la interventoría de las obras en las Instituciones Educativas José Antonio Galán Sede Rafael Zamorano, Francisco de Paula Santander Sede Julio Arboleda, Inem Jorge Isaac Sede Principal, Santo Tomas Casd Sede Principal, La Merced Sede Principal, Boyacá Sede Unidad la Dependencia, Pance Sede San Francisco. Ficha BP-26002565”.
A7: PERSONAL PROFESIONAL
A8: CONCEPTO | B8: A | C8: B | D8: C | E8: D | F8: E | G8: F
A9: Personal Profesional | B9: CANTIDAD | C9: SUELDO MES BASICO | D9: % DEDICACION | E9: F.M.% | F9: VALOR MES ( AxBxCxD) | G9: No. DE MESES | H9: TOTAL PARCIAL (ExF)
A10: Director y/o coordinador de Interventoría a los diseños y a la obras | B10: 1 | C10: 8000000 | D10: 0.1 | E10: ='FACTOR MULTIPLICADOR'!$F$40 -> 2.199111 | F10: =B10*C10*D10*E10 -> 1759288.8 | G10: 5.5 | H10: =F10*G10 -> 9676088.4
A11: Residente de Interventoría (I) | B11: 1 | C11: 4100000 | D11: 0.5 | E11: ='FACTOR MULTIPLICADOR'!$F$40 -> 2.199111 | F11: =B11*C11*D11*E11 -> 4508177.6 | G11: 5.5 | H11: =F11*G11 -> 24794977
A12: Especialista estructural | B12: 1 | C12: 6000000 | D12: 0.01 | E12: ='FACTOR MULTIPLICADOR'!$F$40 -> 2.199111 | F12: =B12*C12*D12*E12 -> 131946.66 | G12: 5.5 | H12: =F12*G12 -> 725706.63
A13: Especialista en Geotecnia | B13: 1 | C13: 6000000 | D13: 0.01 | E13: ='FACTOR MULTIPLICADOR'!$F$40 -> 2.199111 | F13: =B13*C13*D13*E13 -> 131946.66 | G13: 5.5 | H13: =F13*G13 -> 725706.63
A14: Especialista Electricista y de cableado estructurado | B14: 1 | C14: 6000000 | D14: 0.03 | E14: ='FACTOR MULTIPLICADOR'!$F$40 -> 2.199111 | F14: =B14*C14*D14*E14 -> 395839.98 | G14: 5.5 | H14: =F14*G14 -> 2177119.9
A15: Trabajador social | B15: 1 | C15: 3000000 | D15: 0.01 | E15: ='FACTOR MULTIPLICADOR'!$F$40 -> 2.199111 | F15: =B15*C15*D15*E15 -> 65973.33 | G15: 5.5 | H15: =F15*G15 -> 362853.32
A16: Asesor en seguridad industrial y salud ocupacional | B16: 1 | C16: 3000000 | D16: 0.01 | E16: ='FACTOR MULTIPLICADOR'!$F$40 -> 2.199111 | F16: =B16*C16*D16*E16 -> 65973.33 | G16: 5.5 | H16: =F16*G16 -> 362853.32
A17: Abogado | B17: 1 | C17: 3000000 | D17: 0.01 | E17: ='FACTOR MULTIPLICADOR'!$F$40 -> 2.199111 | F17: =B17*C17*D17*E17 -> 65973.33 | G17: 5.5 | H17: =F17*G17 -> 362853.32
D18: SUB-TOTAL COSTO PERSONAL PROFESIONAL (1) | H18: =SUM(H10:H17) -> 39188158
A19: PERSONAL TECNICO
A20: CONCEPTO | B20: A | C20: B | D20: C | E20: D | F20: E | G20: F
A21: Personal Profesional | B21: CANTIDAD | C21: SUELDO MES BASICO | D21: % DEDICACION | E21: F.M.% | F21: VALOR MES ( AxBxCxD) | G21: No. DE MESES | H21: TOTAL PARCIAL (ExF)
A22: Inspector de Interventoria | B22: 1 | C22: 1100000 | D22: 0.5 | E22: ='FACTOR MULTIPLICADOR'!$F$40 -> 2.199111 | F22: =B22*C22*D22*E22 -> 1209511.1 | G22: 5.5 | H22: =F22*G22 -> 6652310.8
D23: SUB-TOTAL COSTO PERSONAL TECNICO (2) | H23: =SUM(H22) -> 6652310.8
A24: OTROS COSTOS DIRECTOS
A25: Otros Costos Directos | D25: UND | E25: CANTIDAD | F25: VR. UNITARIO | H25: TOTAL
A26: Transporte de Personal | D26: MES | E26: 5.5 | F26: 250000 | H26: =E26*F26 -> 1375000
A27: Edicion de informes, papeleria, reproduccion de documentos , incluye fotografias | D27: MES | E27: 5.5 | F27: 482672.66 | H27: =E27*F27 -> 2654699.6
A28: Comunicaciones | D28: MES | E28: 5.5 | F28: 100000 | H28: =E28*F28 -> 550000
D29: SUB-TOTAL OTROS COSTOS (3) | H29: =SUM(H26:H28) -> 4579699.6
A30: RESUMEN GENERAL
F31: COSTO TOTAL (1+2+3) | H31: =ROUND((SUM(H18+H23+H29)),0) -> 50420168
F32: IVA | G32: 0.19 | H32: =ROUND((H31*G32),0) -> 9579832
F33: VALOR TOTAL OFERTA | H33: =ROUND((SUM(H31:H32)),0) -> 60000000
A34: VALOR DE LA PROPUESTA ES: SESENTA MILLONES DE PESOS ($60.000.000) M/CTE.
